 Dungeon Crawl Stone Soup version 0.28.0-53-g5a82cb258f (webtiles) character file.

Game seed: 2156023220129069579

83 SanguineChosen the Chopper (level 4, 0/61 HPs)
             Began as a Minotaur Berserker on Aug 3, 2022.
             Was a Believer of Trog.
             Slain by Crazy Yiuf
             ... wielding a +4 quarterstaff of chaos
              (4 damage)
             ... on level 2 of the Dungeon.
             The game lasted 00:06:15 (2455 turns).

SanguineChosen the Chopper (Minotaur Berserker)     Turns: 2455, Time: 00:06:16

Health: 0/61       AC: 22    Str: 21 (23) XL:     4   Next: 22%
Magic:  3/3        EV:  2    Int:  3 (4)  God:    Trog [**....]
Gold:   27         SH:  0    Dex:  8 (10) Spells: 3/3 levels left

rFire   . . .      SeeInvis .   a - +0 hand axe
rCold   + . .      Faith    .   (no shield)
rNeg    . . .      Spirit   .   (armour currently unavailable)
rPois   +          Reflect  .   (helmet currently unavailable)
rElec   .          Harm     .   (cloak currently unavailable)
rCorr   .          Rampage  .   (gloves currently unavailable)
Will    .....      NoTele   +   (boots currently unavailable)
Stlth   +.........              (no amulet)
HPRegen 0.20/turn               i - ring of protection from cold
MPRegen 0.08/turn               (no ring)

@: confused, agile, lethally poisoned (0 -> -4), tree-form, slowed, very slow
A: stationary, stasis, torment immunity, boosted hp, (horns 2), (retaliatory
headbutt)
a: Renounce Religion, Berserk, Trog's Hand


You were on level 2 of the Dungeon.
You worshipped Trog.
Trog was pleased with you.
You were a tree.
You visited 1 branch of the dungeon, and saw 2 of its levels.

You collected 27 gold pieces.

Inventory:

Hand Weapons
 a - a +0 hand axe (weapon)
 k - a +2 mace of protection
Armour
 h - a +0 scale mail (melded)
 n - a +0 pair of gloves (melded)
Jewellery
 i - a ring of protection from cold (left branch)
Scrolls
 b - a scroll of magic mapping {unknown}
 c - 4 scrolls of identify {unknown}
 d - a scroll of enchant armour {unknown}
 e - a scroll of noise {unknown}
 j - a scroll of amnesia {unknown}
Potions
 l - a potion of brilliance {unknown}


   Skills:
 + Level 4.5 Fighting
 + Level 4.7 Axes
 + Level 3.2 Armour
 + Level 2.6 Dodging


You had 3 spell levels left.
You didn't know any spells.
Your spell library was empty.

Dungeon Overview and Level Annotations

Branches:
Dungeon (2/15)

Altars:
Yredelemnul

Shops:
D:2 =

Annotations:
D:2 Crazy Yiuf


Innate Abilities, Weirdness & Mutations

You are a tree.
Your roots penetrate the ground, keeping you stationary.
You cannot be teleported.
You are immune to unholy pain and torment.
Your maximum health is greatly increased.
Your equipment is partially melded.
((You have a pair of horns on your head.))
((You reflexively headbutt those who attack you in melee.))


Message History

Crazy Yiuf hits you with a +4 quarterstaff of chaos.
You are poisoned.
You hit Crazy Yiuf.
Crazy Yiuf is heavily wounded.
You feel very sick.
Crazy Yiuf hits you with a +4 quarterstaff of chaos!
* * * LOW HITPOINT WARNING * * *
You are confused.
It was a potion of lignification.
You turn into a tree.
Your +0 pair of gloves melds into your body.
Your +0 scale mail melds into your body.
Your roots penetrate the ground.
* * * LOW HITPOINT WARNING * * *
You feel sick. Crazy Yiuf hits you but does no damage.
You feel agile all of a sudden.
You cannot move. (Use ctrl+direction or * direction to attack without moving.)
You cannot move. (Use ctrl+direction or * direction to attack without moving.)
You cannot move. (Use ctrl+direction or * direction to attack without moving.)
You cannot move. (Use ctrl+direction or * direction to attack without moving.) Unknown command.
Unknown command.
Unknown command.
Unknown command.
There is a lethal amount of poison in your body!
Unknown command.
Unknown command.
Unknown command.
Unknown command.
Unknown command.
It was a potion of degeneration.
There was something very wrong with that liquid.
You feel weakened.
You feel dopey.
You feel clumsy.
* * * LOW HITPOINT WARNING * * *
You feel sick. Crazy Yiuf hits you but does no damage.
You feel yourself slow down.
It was a potion of flight.
Your roots keep you in place.
* * * LOW HITPOINT WARNING * * *
You feel very sick.
Crazy Yiuf hits you with a +4 quarterstaff of chaos.
You die...

##############.##..###
#...........##.##
#.#.###.#.####.#
#....###### ### #.#..#
####.#..# ........##♣♣
### .###.......♣♣
♣♣#)))#
...#.#......♣♣♣♣♣g)).#
...#........)♣))♣#)))#
...#####...)♣.♣♣♣ ###
.### #####♣♣♣♣♣ .#
#..# ######..#### ###
...........####.####
.#####.....#.......#
.# #.....#.#..##.#


You could see Crazy Yiuf.

Vanquished Creatures
  Natasha (D:2)
  An adder (D:2)
  2 worms (D:2)
  4 bats
  6 endoplasms
  A giant cockroach (D:2)
  7 goblins
  4 hobgoblins
  A kobold (D:2)
  5 ball pythons
  4 frilled lizards
  5 rats
41 creatures vanquished.

Notes
Turn   | Place    | Note
-------+----------+-------------------------------------------
     0 | D:1      | SanguineChosen the Minotaur Berserker began the quest for
                  | the Orb.
     0 | D:1      | Reached XP level 1. HP: 19/19 MP: 0/0
   132 | D:1      | Reached XP level 2. HP: 13/27 MP: 1/1
   543 | D:1      | Found a faded altar of an unknown god.
  1295 | D:2      | Found a runed translucent door.
  1297 | D:2      | Noticed Crazy Yiuf
  1358 | D:2      | Reached XP level 3. HP: 23/33 MP: 2/2
  1516 | D:2      | Found Jyosop's Jewellery Shoppe.
  1852 | D:2      | Reached ** piety under Trog
  2081 | D:2      | Noticed Natasha
  2090 | D:2      | Killed Natasha
  2091 | D:2      | Reached XP level 4. HP: 20/41 MP: 3/3
  2263 | D:2      | Found a basalt altar of Yredelemnul.
  2308 | D:2      | Found Qerr's Antique Weapon Boutique.
  2455 | D:2      | Slain by Crazy Yiuf

Illustrated notes

Levels and vault maps discovered:
D:1:      lightli_arrival_isolated_outpost, layout_basic,
          ebering_ecumenical_altar_rust, chequers_mini_garden
D:2:      layout_loops_cross, basic_altar, serial_shops, nicolae_shop_crystal,
          nicolae_shop_advertising_works [nicolae_subvault_shop_adworks],
          roderic_lattice_a, uniq_natasha, uniq_crazy_yiuf_cottage

Skill      XL: |  1  2  3 |
---------------+----------+-----
Axes           | 4 |  4.7
Fighting       | 4 |  4.5
Armour         | 3 |  3.2
Dodging        | |  2.6

Action                   |  1- 3 |  4- 6 || total
-------------------------+-------+-------++-------
Melee: Hand axe          |    79 |    10 ||    89
       Headbutt          |    14 |     5 ||    19
       Punch             |       |     1 ||     1
  Use: Potion            |       |     3 ||     3
Armor: Animal skin       |     2 |       ||     2
       Scale mail        |    23 |     2 ||    25
       Skin              |       |     2 ||     2
Dodge: Dodged            |    38 |     3 ||    41
